Workbook

Sheet 封面
A1: 融资租赁业务财务分析
A4: 承租申请人： | B4: 承租申请人：
A5: 业 务 名 称： | B5: 项目名称： | D5: 系统设备租赁项目
A6: 租 赁 金 额： | B6: 租赁金额： | D6: 1.2亿元人民币
A7: 担保／回购人： | B7: 担保方式： | D7: 应收账款质押及设备抵押
A8: 业务经理： | B8: 业务经理：
B11: 声 明 和 保 证
B12: 本人在此声明和保证：本调查报告是根椐承租申请人和担保人提供的和本人搜集的材料，经审慎调查、核实、分析和整理后完成的。本报告全面反映了客户最主要和最基本的信息，本人对报告内容的真实性、准确性、完整性及所作判断的合理性负责。
D18: 项目经理：
D21: 年 月 日

Sheet 财务数据
A1: 承租人经营及财务情况表
F2: 单位：元
B3: 财 务 指 标 | C3: 计 算 公 式 | D3: 2010年末 | E3: 2011年末 | F3: 40998
B4: 总 资 产 | D4: =财务分析表!B20 -> 3.043496e+09 | E4: =财务分析表!C20 -> 3.3116348e+09 | F4: =财务分析表!D20 -> 3.4335592e+09
B5: 净 资 产 | D5: =财务分析表!B27 -> 1.2228496e+09 | E5: =财务分析表!C27 -> 1.1011352e+09 | F5: =财务分析表!D27 -> 1.0210856e+09
A6: 规 | B6: 销 售 收 入 | D6: =财务分析表!B30 -> 0 | E6: =财务分析表!C30 -> 0 | F6: =财务分析表!D30 -> 0
A7: 模 | B7: 净 利 润 | D7: =财务分析表!B40 -> -55010479 | E7: =财务分析表!C40 -> -1.2171446e+08 | F7: =财务分析表!D40 -> -80049587
A8: 增 | B8: 销售收入增长率（%） | C8: 销售收入／上年销售收入－1 | D8: - | E8: =财务分析表!C59 -> 9.3211899 | F8: =财务分析表!D59 -> -0.82130556
A9: 长 | B9: 净利润增长率（%） | C9: 净利润／上年净利润－1 | D9: - | E9: =财务分析表!C60 -> -3.2125686 | F9: =财务分析表!D60 -> -0.34231652
B10: 净资产增长率（%） | C10: 净资产／上年净资产－1 | D10: - | E10: =财务分析表!C61 -> -0.099533462 | F10: =财务分析表!D61 -> -0.072697331
B11: 总资产增长率（%） | C11: 总资产／上年总资产－1 | D11: - | E11: =财务分析表!C62 -> 0.088102233 | F11: =财务分析表!D62 -> 0.036816965
A12: 获 | B12: 销售净利率（%） | C12: 净利润／销售收入 | D12: =财务分析表!B64 -> -2.6577102 | E12: =财务分析表!C64 -> -0.56973722 | F12: =财务分析表!D64 -> -2.0969134
A13: 利 | B13: 净资产收益率（%） | C13: 净利润／平均净资产 | D13: - | E13: =财务分析表!C65 -> -0.10474635 | F13: =财务分析表!D65 -> -0.075439454
A14: 能 | B14: 资产收益率（%） | C14: 净利润／平均总资产 | D14: - | E14: =财务分析表!C66 -> -0.038304312 | F14: =财务分析表!D66 -> -0.023735296
A15: 力 | B15: 存货周转率 | C15: 销售成本／平均存货 | D15: - | E15: =财务分析表!C67 -> 2.0682175 | F15: =财务分析表!D67 -> 0.29532507
A16: 经营 | B16: 应收帐款周转率 | C16: 销售收入／平均应收帐款 | D16: - | E16: =财务分析表!C68 -> 153.62895 | F16: =财务分析表!D68 -> 57.724411
A17: 效率 | B17: 总资产周转率（%） | C17: 销售收入／平均总资产 | D17: - | E17: =财务分析表!C69 -> 0.067231542 | F17: =财务分析表!D69 -> 0.011319159
B18: 流动比率（%） | C18: 流动资产／流动负债 | D18: =财务分析表!B70 -> 0.070770983 | E18: =财务分析表!C70 -> 0.093887123 | F18: =财务分析表!D70 -> 0.1556821
A19: 短期 | B19: 速动比率 | C19: 速动资产／流动负债 | D19: =财务分析表!B71 -> 0.024233897 | E19: =财务分析表!C71 -> 0.014987524 | F19: =财务分析表!D71 -> 0.036100857
A20: 支付 | B20: 现金比率 | C20: 货币 资金／流动负债 | D20: =财务分析表!B72 -> 0.019034037 | E20: =财务分析表!C72 -> 0.0020513656 | F20: =财务分析表!D72 -> 0.02371934
B21: 资产负债率（%） | C21: 总负债／总资产 | D21: =财务分析表!B73 -> 0.5982089 | E21: =财务分析表!C73 -> 0.66749499 | F21: =财务分析表!D73 -> 0.702616
A22: 偿债 | B22: 负债结构比率（%） | C22: 流动负债／长期负债 | D22: - | E22: =财务分析表!C74 -> 10.775058 | F22: =财务分析表!D74 -> 12.274843
A23: 能力 | B23: 经 营 活 动 现 金 净 流 入 | D23: =财务分析表!B44 -> 5.3220503e+08 | E23: =财务分析表!C44 -> 3.8641905e+08 | F23: =财务分析表!D44 -> 70908411
A24: 现 | B24: 投 资 活 动 现 金 净 流 入 | D24: =财务分析表!B48 -> -3.1474048e+08 | E24: =财务分析表!C48 -> -1.797524e+08 | F24: =财务分析表!D48 -> -12850289
A25: 金 | B25: 筹 资 活 动 现 金 净 流 入 | D25: =财务分析表!B51 -> -2.6402563e+08 | E25: =财务分析表!C51 -> -2.3574188e+08 | F25: =财务分析表!D51 -> -9248618
A26: 流 | B26: 现 金 净 流 入 | D26: =财务分析表!B52 -> 0 | E26: =财务分析表!C52 -> 0 | F26: =财务分析表!D52 -> 0
A27: 量

Sheet 财务分析表
A1: 财务分析表 单位：元
B2: 2010年 | C2: 2011年 | D2: 40999
A3: 货币资金： | B3: 32920821 | C3: 4149445.8 | D3: 52911701
A4: 应收票据：
A5: 应收账款： | B5: 2165364 | C5: 615786.66 | D5: 706876
A6: 其他应收款： | B6: 527693.96 | C6: 10500796 | D6: 10416442
A7: 存货： | B7: 80489446 | C7: 1.5959593e+08 | D7: 2.6675478e+08
A8: 流动资产合计： | B8: 1.2240382e+08 | C8: 1.8991228e+08 | D8: 3.4728643e+08
A9: 固定资产净额： | B9: 1.0890994e+09 | C9: 2.7224425e+09 | D9: 2.6588216e+09
A10: 在建工程： | B10: 1.6268874e+09 | C10: 1.982592e+08 | D10: 2.2754885e+08
A11: 工程物资： | B11: 283808.04
A12: 生产性生物资产：
A13: 油气资产：
A14: 无形资产： | B14: 2.042216e+08 | C14: 1.999942e+08 | D14: 1.9893068e+08
A15: 长期待摊费用： | C15: 1026666.7 | D15: 971666.69
A16: 非流动资产合计： | B16: 2.9210922e+09 | C16: 3.1217226e+09 | D16: 3.0862728e+09
A17: 减：累计折旧：
A18: 长期股权投资：
A19: 投资性房地产：
A20: 资产总计： | B20: =SUM(B8+B16) -> 3.043496e+09 | C20: =C8+C16 -> 3.3116348e+09 | D20: 3.4335592e+09
A21: 短期借款： | B21: 400000000 | C21: 100000000 | D21: 100000000
A22: 应付账款： | B22: 2.1457257e+08 | C22: 2.7179266e+08 | D22: 2.849208e+08
A23: 流动负债合计： | B23: 1.7295764e+09 | C23: 2.0227724e+09 | D23: 2.2307409e+09
A24: 专项应付款： | B24: 91070000 | C24: 88302000
A25: 非流动负债合计： | B25: 91070000 | C25: 1.8772729e+08 | D25: 1.8173274e+08
A26: 负债合计： | B26: =B23+B25 -> 1.8206464e+09 | C26: =C23+C25 -> 2.2104997e+09 | D26: 2.4124736e+09
A27: 所有者权益合计： | B27: 1.2228496e+09 | C27: 1.1011352e+09 | D27: 1.0210856e+09
A28: 长期借款 | C28: 99425287 | D28: 94022989
A29: 营业总收入： | B29: 20698449 | C29: 2.1363262e+08 | D29: 38174961
A30: 主营业务收入：
A31: 其他业务收入：
A32: 利息支出： | B32: -4612369.4 | C32: -686370.41 | D32: -3779932.4
A33: 营业总成本： | B33: 30479189 | C33: 2.4827438e+08 | D33: 62956027
A34: 主营业务成本：
A35: 其他业务成本：
A36: 主营业务毛利：
A37: 投资收益：
A38: 营业利润： | B38: -55110529 | C38: -1.2145568e+08 | D38: -4.2984267e+08
A39: 利润总额： | B39: -55010479 | C39: -1.2171446e+08 | D39: -80049587
A40: 净利润： | B40: -55010479 | C40: -1.2171446e+08 | D40: -80049587
A42: 经营活动现金流入小计： | B42: 7.3653297e+08 | C42: 8.3408272e+08 | D42: 2.0259939e+08
A43: 经营活动现金流出小计： | B43: 2.0432794e+08 | C43: 4.4766367e+08 | D43: 1.3169098e+08
A44: 经营活动产生的现金流量净额： | B44: 5.3220503e+08 | C44: 3.8641905e+08 | D44: 70908411
A45: 投资活动现金流入小计： | B45: - | C45: - | D45: -
A46: 购建固定资产、无形资产和其他长期资产所支付的现金： | B46: 3.1474048e+08 | C46: 179752401 | D46: 12850289
A47: 投资活动现金流出小计： | B47: 3.1474048e+08 | C47: 1.797524e+08 | D47: 12850289
A48: 投资活动产生的现金流量净额： | B48: -3.1474048e+08 | C48: -1.797524e+08 | D48: -12850289
A49: 筹资活动现金流入小计： | B49: 1.3764357e+08 | C49: 2.0780506e+08 | D49: 100000000
A50: 筹资活动现金流出小计： | B50: 4.0166921e+08 | C50: 4.4354694e+08 | D50: 1.0924862e+08
A51: 筹资活动产生的现金流量净额: | B51: -2.6402563e+08 | C51: -2.3574188e+08 | D51: -9248618
A52: 合计
A53: 摊销费用：
A55: 存货占总资产比例： | B55: =B7/B20 -> 0.026446378 | C55: =C7/C20 -> 0.04819249 | D55: =D7/D20 -> 0.077690455
A56: 应收账款占总资产比例： | B56: =B5/B20 -> 0.00071147259 | C56: =C5/C20 -> 0.00018594642 | D56: =D5/D20 -> 0.00020587267
A57: 其他应收款占总资产比例： | B57: =B6/B20 -> 0.00017338415 | C57: =C6/C20 -> 0.0031708799 | D57: =D6/D20 -> 0.0030337156
A58: 货币资金占总资产比例： | B58: =B3/B20 -> 0.010816778 | C58: =C3/C20 -> 0.0012529901 | D58: =D3/D20 -> 0.015410161
A59: 销售收入增长率： | B59: - | C59: =C29/B29-1 -> 9.3211899 | D59: =D29/C29-1 -> -0.82130556
A60: 净利润增长率： | B60: - | C60: =C40/(-B40)-1 -> -3.2125686 | D60: =D40/C40-1 -> -0.34231652
A61: 净资产增长率： | B61: - | C61: =C27/B27-1 -> -0.099533462 | D61: =D27/C27-1 -> -0.072697331
A62: 总资产增长率： | B62: - | C62: =C20/B20-1 -> 0.088102233 | D62: =D20/C20-1 -> 0.036816965
A63: 主营业务毛利润率： | B63: =B36/B29 -> 0 | C63: =C36/C29 -> 0 | D63: =D36/D29 -> 0
A64: 销售净利率： | B64: =B40/B29 -> -2.6577102 | C64: =C40/C29 -> -0.56973722 | D64: =D40/D29 -> -2.0969134
A65: 净资产收益率： | B65: - | C65: =C40/((C27+B27)/2) -> -0.10474635 | D65: =D40/((D27+C27)/2) -> -0.075439454
A66: 资产收益率： | B66: - | C66: =C40/((C20+B20)/2) -> -0.038304312 | D66: =D40/((D20+C20)/2) -> -0.023735296
A67: 存货周转次数： | B67: - | C67: =C33/((C7+B7)/2) -> 2.0682175 | D67: =D33/((D7+C7)/2) -> 0.29532507
A68: 应收帐款周转率： | B68: - | C68: =C29/((C5+B5)/2) -> 153.62895 | D68: =D29/((D5+C5)/2) -> 57.724411
A69: 总资产周转率： | B69: - | C69: =C29/((C20+B20)/2) -> 0.067231542 | D69: =D29/((D20+C20)/2) -> 0.011319159
A70: 流动比率： | B70: =B8/B23 -> 0.070770983 | C70: =C8/C23 -> 0.093887123 | D70: =D8/D23 -> 0.1556821
A71: 速动比率： | B71: =(B8-B7)/B23 -> 0.024233897 | C71: =(C8-C7)/C23 -> 0.014987524 | D71: =(D8-D7)/D23 -> 0.036100857
A72: 现金比率： | B72: =B3/B23 -> 0.019034037 | C72: =C3/C23 -> 0.0020513656 | D72: =D3/D23 -> 0.02371934
A73: 资产负债率： | B73: =B26/B20 -> 0.5982089 | C73: =C26/C20 -> 0.66749499 | D73: =D26/D20 -> 0.702616
A74: 负债结构比率： | B74: - | C74: =C23/C25 -> 10.775058 | D74: =D23/D25 -> 12.274843
A75: 流动资产占比： | B75: =B8/B20 -> 0.040218164 | C75: =C8/C20 -> 0.057346987 | D75: =D8/D20 -> 0.10114473
A76: 经营性现金流占净利润比： | B76: =B44/B39 -> -9.6746118 | C76: =C44/C39 -> -3.1748 | D76: =D44/D39 -> -0.88580608
A77: 长期投资： | B77: =B18+B19 -> 0 | C77: =C18+C19 -> 0 | D77: =D18+D19 -> 0
A80: 长期投资 | B80: =B18+B19 -> 0 | C80: =C18+C19 -> 0 | D80: =D18+D19 -> 0
A81: 长期投资占总资产比例 | B81: =(B18+B19)/B20 -> 0 | C81: =(C18+C19)/C20 -> 0 | D81: =(D18+D19)/D20 -> 0
A82: 固定资产与在建工程与工程物资 | B82: =B9+B10+B11 -> 2.7162706e+09 | C82: =C9+C10+C11 -> 2.9207017e+09 | D82: =D9+D10+D11 -> 2.8863704e+09
A83: 比例 | B83: =B82/B20 -> 0.8924837 | C83: =C82/C20 -> 0.88195161 | D83: =D82/D20 -> 0.84063511
A84: 在建工程与工程物资 | B84: =B10+B11 -> 1.6271713e+09 | C84: =C10+C11 -> 1.982592e+08 | D84: =D10+D11 -> 2.2754885e+08
A85: 占比 | B85: =B84/B20 -> 0.53463886 | C85: =C84/C20 -> 0.05986747 | D85: =D84/D20 -> 0.066272005
A86: 无形资产与其他资产 | B86: =B12+B13+B14 -> 2.042216e+08 | C86: =C12+C13+C14 -> 1.999942e+08 | D86: =D12+D13+D14 -> 1.9893068e+08
A87: 递延税项 | B87: =B15 -> 0 | C87: =C15 -> 1026666.7 | D87: =D15 -> 971666.69
A88: 经营性现金流 | B88: =B44 -> 5.3220503e+08 | C88: =C44 -> 3.8641905e+08 | D88: =D44 -> 70908411
A89: 经营性现金流占净利润比 | B89: =B88/B40 -> -9.6746118 | C89: =C88/C40 -> -3.1748 | D89: =D88/D40 -> -0.88580608
A90: 息税折旧摊销前利润 | B90: - | C90: =C94+(C17-B17)+C53 -> -1.2240083e+08 | D90: =D94+(D17-C17)+D53 -> -83829519
A91: 利息保障倍数 | B91: =B94/B93 -> 12.926729 | C91: =C94/C93 -> 178.33057 | D91: =D94/D93 -> 22.177518
A92: 利润总额 | B92: =B39 -> -55010479 | C92: =C39 -> -1.2171446e+08 | D92: =D39 -> -80049587
A93: 利息费用 | B93: =B32 -> -4612369.4 | C93: =C32 -> -686370.41 | D93: =D32 -> -3779932.4
A94: EBIT | B94: =B93+B92 -> -59622849 | C94: =C93+C92 -> -1.2240083e+08 | D94: =D93+D92 -> -83829519
A95: 购入固定资产等支付的现金 | B95: =B46 -> 3.1474048e+08 | C95: =C46 -> 179752401 | D95: =D46 -> 12850289
A96: 占总资产比重 | B96: =B95/B20 -> 0.10341412 | C96: =C95/C20 -> 0.054279052 | D96: =D95/D20 -> 0.0037425564
A98: 经营现金流入/主营业务收入 | B98: =B42/B29 -> 35.583969 | C98: =C42/C29 -> 3.9042854 | D98: =D42/D29 -> 5.3071275
A99: 经营现金净流量/负债总额 | B99: =B44/B26 -> 0.29231652 | C99: =C44/C26 -> 0.17481072 | D99: =D44/D26 -> 0.029392409
A100: 全部资本化比率
A101: 成本费用利润率
A102: 总资产报酬率
A103: 负债总额/EBITDA
A104: 流动资产周转率
